Map: Deathaura LE

Players

TeknoHamster

  • Race: Protoss Protoss
  • League: Diamond
  • Spawn Location: 11:00

Ins - Winner!

  • Race: Terran Terran
  • League: Diamond
  • Spawn Location: 5:00

VOD

Have the link to the VOD?

Description

Time

  • Played on: Sept. 13, 2020, 6:09 p.m.
  • Length: 10:23
Show
View Real Time Build Order
Export as new Build Order

TeknoHamster Protoss 

Build Orders: 1 Gate Expand, Blink Stalkers 

Get SALT Encoding   

  12  0:00  Probe  
  13  0:12  Probe  
  14  0:20  Pylon  
  14  0:32  Probe (Chrono Boost)  
  15  0:38  Gateway  
  15  0:44  Probe (Chrono Boost)  
  15  0:49  Assimilator  
  16  0:50  Probe (Chrono Boost)  
  17  1:02  Probe  
  18  1:14  Probe  
  19  1:26  Cybernetics Core  
  19  1:33  Nexus  
  19  1:36  Probe  
  20  1:46  Pylon  
  20  1:48  Probe  
  20  1:50  Assimilator  
  21  2:00  Probe  
  22  2:02  Adept (Chrono Boost)  
  24  2:12  Probe  
  25  2:19  Warp Gate  
  25  2:24  Probe  
  26  2:30  Stalker  
  26  2:36  Probe  
  29  2:51  Probe (Chrono Boost)  
  31  2:53  Probe (Chrono Boost)  
  31  2:56  Twilight Council  
  31  3:00  Probe (Chrono Boost)  
  31  3:03  Probe (Chrono Boost)  
  31  3:05  Probe (Chrono Boost), Stalker  
  36  3:13  Probe  
  36  3:17  Probe  
  38  3:25  Probe  
  39  3:28  Blink (Chrono Boost)  
  39  3:29  Probe  
  39  3:33  Pylon  
  40  3:37  Probe  
  41  3:41  Probe  
  41  3:46  Stalker  
  44  3:49  Probe  
  44  3:52  Gateway  
  44  3:53  Probe  
  44  3:54  Robotics Facility  
  47  4:03  Probe (Chrono Boost)  
  47  4:05  Probe (Chrono Boost)  
  48  4:16  Probe (Chrono Boost)  
  50  4:18  Probe (Chrono Boost)  
  50  4:20  Nexus  
  50  4:21  Pylon, Probe (Chrono Boost)  
  51  4:25  Probe  
  51  4:26  Sentry  
  51  4:29  Assimilator  
  54  4:31  Pylon  
  54  4:39  Probe x2  
  56  4:46  Pylon  
  56  4:47  Stalker  
  56  4:51  Probe x2  
  60  4:52  Stalker  
  60  4:57  Forge  
  62  5:01  Observer (Chrono Boost)  
  62  5:02  Gateway  
  62  5:03  Probe x2  
  62  5:04  Gateway  
  65  5:15  Observer (Chrono Boost)  
  65  5:16  Probe x2  
  68  5:23  Shield Battery  
  68  5:24  Pylon  
  68  5:25  Stalker x2  
  68  5:28  Probe x2  
  74  5:36  Probe  
  74  5:39  Observer (Chrono Boost), Protoss Ground Armor Level 1 (Chrono Boost)  
  74  5:40  Probe x2  
  78  5:47  Gateway  
  78  5:48  Probe  
  79  5:50  Gateway  
  79  5:52  Probe x2  
  79  5:53  Stalker x2  
  85  6:00  Probe, Stalker  
  85  6:01  Stalker  
  90  6:04  Observer, Probe x2  
  90  6:11  Pylon  
  92  6:13  Probe  
  92  6:16  Probe  
  92  6:17  Probe, Charge (Chrono Boost)  
  95  6:19  Zealot x2  
  95  6:25  Probe  
  100  6:28  Probe  
  100  6:29  Probe  
  100  6:31  Stalker x2  
  106  6:37  Probe  
  105  6:40  Probe  
  105  6:41  Observer  
  107  6:51  Probe x2  
  107  6:53  Assimilator  
  109  6:59  Assimilator  
  109  7:05  Pylon  
  109  7:07  Pylon  
  109  7:08  Pylon  
  109  7:09  Pylon x2  
  109  7:11  Pylon  
  109  7:22  Immortal (Chrono Boost)  
  109  7:23  Probe x3  
  109  7:27  Pylon  
  116  7:30  Shield Battery  
  116  7:35  Probe x3  
  116  7:36  Assimilator  
  119  7:37  Pylon  
  119  7:41  Zealot  
  119  7:42  Zealot x5  
  131  7:44  Pylon, Protoss Ground Armor Level 2 (Chrono Boost)  
  131  7:46  Pylon  
  131  7:47  Nexus, Probe  
  131  7:48  Gateway  
  131  7:50  Pylon  
  132  7:51  Pylon, Gateway  
  132  7:52  Gateway  
  132  7:54  Templar Archives  
  132  7:55  Probe x2  
  132  8:01  Immortal  
  136  8:09  Zealot, Shield Battery  
  136  8:10  Zealot x4  
  136  8:11  Shield Battery  
  146  8:13  Shield Battery  
  146  8:25  Zealot  
  146  8:38  Zealot x5  
  138  8:47  Observer  
  122  8:56  Stalker x2  
  122  8:57  Stalker x2  
  122  9:02  Probe x2  
  132  9:04  Probe x2  
  132  9:07  Observer  
  135  9:12  Zealot x5  
  135  9:14  Probe  
  135  9:15  Probe  
  135  9:16  Probe x2  
  149  9:23  Zealot x2  
  149  9:24  Zealot x2  
  146  9:29  Probe  
  146  9:30  Probe x2  
  137  9:32  Zealot  
  137  9:33  Zealot x4  
  137  9:44  Zealot x4  
  133  9:51  Probe x2  
  125  9:54  Zealot  
  125  9:55  Zealot x4  
  125  9:56  Probe x2  
  130  10:03  Probe x2  
  125  10:08  Zealot x4  
  131  10:16  Zealot x3  
  131  10:17  Zealot x2  
Show
View Real Time Build Order
Export as new Build Order

Ins Terran - Winner!

Build Orders: Reaper Expand 

Get SALT Encoding   

  12  0:00  SCV  
  13  0:12  SCV  
  14  0:16  Supply Depot  
  14  0:25  SCV  
  15  0:38  SCV  
  15  0:39  Barracks  
  16  0:43  Refinery  
  16  0:51  SCV  
  17  1:03  SCV  
  18  1:15  SCV  
  19  1:26  Reaper  
  19  1:27  Orbital Command  
  20  1:41  Command Center  
  20  1:49  Supply Depot  
  20  1:53  SCV  
  21  2:00  Marine  
  22  2:05  SCV  
  23  2:13  Factory  
  23  2:18  Refinery, SCV  
  24  2:23  Barracks Reactor  
  24  2:31  Bunker  
  24  2:39  SCV  
  25  2:53  SCV  
  25  2:54  Orbital Command  
  26  2:58  Factory Tech Lab  
  26  3:00  Starport  
  26  3:05  SCV  
  26  3:09  Marine x2  
  29  3:21  SCV  
  29  3:22  SCV  
  29  3:23  Siege Tank  
  34  3:34  SCV x2  
  36  3:35  Marine x2  
  38  3:45  Starport Tech Lab  
  38  3:46  SCV x2  
  40  3:54  Supply Depot  
  40  3:55  Marine x2  
  42  3:56  Siege Tank  
  42  3:58  SCV  
  46  4:15  SCV x2  
  48  4:19  Command Center  
  48  4:23  Marine x2  
  48  4:24  Raven  
  52  4:27  SCV x2  
  52  4:29  Supply Depot  
  54  4:43  Bunker  
  54  4:48  Supply Depot  
  54  4:51  Marine x2, SCV x2  
  58  5:02  Barracks  
  58  5:03  Barracks  
  58  5:04  SCV x2  
  60  5:08  Marine x2  
  60  5:11  Refinery x2  
  61  5:22  SCV x2  
  61  5:27  Engineering Bay  
  63  5:30  Engineering Bay  
  63  5:34  SCV, Supply Depot  
  63  5:35  SCV  
  65  5:37  Marine  
  65  5:38  Marine  
  67  5:43  Factory Reactor, Starport Reactor  
  67  5:45  Orbital Command  
  67  5:48  SCV  
  69  5:50  SCV  
  69  5:57  Terran Infantry Weapons Level 1  
  69  6:00  Terran Infantry Armor Level 1  
  69  6:03  Stimpack  
  69  6:05  Marauder, Marine  
  69  6:09  Orbital Command  
  72  6:13  SCV x2  
  72  6:16  Combat Shield  
  72  6:17  Marauder  
  76  6:20  Medivac x2  
  76  6:21  Marine  
  76  6:25  Barracks  
  81  6:30  Barracks  
  81  6:32  SCV x2  
  83  6:44  SCV x2  
  85  6:51  Marine x2  
  85  6:52  Marauder x2  
  85  6:53  Medivac  
  93  7:11  Medivac, Widow Mine x2, SCV x2  
  93  7:12  Armory  
  93  7:15  Supply Depot x2  
  101  7:16  Barracks Reactor, Supply Depot  
  101  7:17  Barracks Tech Lab  
  101  7:23  SCV x2  
  101  7:25  Marine x2  
  101  7:26  Marauder x2  
  109  7:35  Orbital Command  
  109  7:36  Medivac  
  115  7:37  Widow Mine x2  
  115  7:53  Marauder x2, Marine x3  
  115  7:54  Marauder, Marine  
  115  7:56  Medivac  
  127  8:04  SCV x3  
  130  8:10  Supply Depot  
  130  8:12  Concussive Shells, Supply Depot x2  
  130  8:14  Marine x2  
  130  8:15  Marine x2  
  130  8:16  Marauder x2, SCV x2  
  140  8:27  Marauder  
  132  8:37  Marauder  
  123  8:43  Marauder, Marine x4  
  124  8:54  Marauder  
  122  8:56  Medivac x2  
  122  8:58  Marauder  
  128  9:04  Marauder  
  128  9:08  Refinery  
  128  9:09  Refinery  
  130  9:11  Supply Depot  
  130  9:12  Marine x4, Supply Depot  
  130  9:13  Command Center, Supply Depot  
  130  9:14  Widow Mine x2  
  130  9:16  Marauder  
  140  9:20  Marauder  
  140  9:25  Marauder  
  136  9:33  Marine x3  
  136  9:34  Marine  
  136  9:37  Marauder  
  139  9:41  Marine  
  136  9:46  Marine  
  136  9:48  Widow Mine x2  
  136  9:51  Marine  
  141  9:59  Marauder x2  
  145  10:02  Marine  
  145  10:03  Marine x2  
  149  10:12  Supply Depot, Barracks  
  149  10:13  Barracks  
  149  10:15  Supply Depot, Barracks  
  149  10:16  Supply Depot  
Tags
 
Add a new tag
Caveats
  • Supply blocks, unpowered buildings, or Contaminate may cause inaccurate times.
  • Supply counts are checked every 10 seconds.